 Dungeon Crawl Stone Soup version 0.17-a0-1787-g4aeb8be (webtiles) character file.

18701 Eptagon the Peltast (level 12, -6/138 HPs)
             Began as a Formicid Fighter on Sept 9, 2015.
             Was the Champion of Cheibriados.
             Mangled by an eight-headed hydra (8 damage)
             ... on level 12 of the Dungeon.
             The game lasted 00:32:57 (9405 turns).

Eptagon the Peltast (Formicid Fighter)              Turns: 9405, Time: 00:32:57

Health: -6/138     AC: 26    Str: 36    XL:     12   Next: 98%
Magic:  12/12      EV:  2    Int: 24    God:    Cheibriados [******]
Gold:   688        SH: 17    Dex: 29    Spells: 0 memorised, 11 levels left

rFire  . . .     SeeInvis .     a - +1 war axe (vamp)
rCold  + . .     Clarity  .     (armour currently unavailable)
rNeg   + + +     SustAt   .     c - +0 shield
rPois  +         Gourm    .     (helmet unavailable)
rElec  .         Spirit   .     (cloak currently unavailable)
rCorr  .         Warding  .     (gloves currently unavailable)
rMut   .         Stasis   +     (boots currently unavailable)
MR     ++...                    D - amulet of regeneration
Stlth  ++........               J - ring of protection from cold
                                L - ring of protection from magic

@: tree-form, very slightly contaminated, drained, invisible, very slow, very
resistant to hostile enchantments, unstealthy
A: permanent stasis, dig shafts and tunnels, four strong arms, (antennae 0)
a: Bend Time, Temporal Distortion, Slouch, Step From Time, Renounce Religion


You were on level 12 of the Dungeon.
You worshipped Cheibriados.
Cheibriados was exalted by your worship.
You were not hungry.
You were a tree.
You visited 1 branch of the dungeon, and saw 12 of its levels.

You collected 803 gold pieces.
You spent 115 gold pieces at shops.

Inventory:

Hand weapons
 a - a +1 vampiric war axe (weapon)
 b - a +0 blowgun
Missiles
 x - 8 poisoned needles
 A - a throwing net (quivered)
 P - 8 curare-tipped needles
Armour
 c - a +0 shield (worn)
 h - a +2 pair of gloves (melded)
 k - a +0 pair of boots (melded)
 l - a +0 cloak (melded)
 n - a +2 chain mail of poison resistance (melded)
Jewellery
 D - an amulet of regeneration (around neck)
 J - a ring of protection from cold (right branch)
 L - a ring of protection from magic (left branch)
Magical devices
 o - a wand of slowing (8)
 s - a wand of confusion (0)
 B - a wand of disintegration (6)
 C - a wand of disintegration (7)
 R - a wand of fireball (13)
Scrolls
 i - 8 scrolls of identify
 m - 3 scrolls of recharging {unknown}
 t - 3 scrolls of random uselessness {unknown}
 u - 3 scrolls of enchant weapon {unknown}
 w - a scroll of immolation {unknown}
 y - 7 scrolls of magic mapping {unknown}
 E - 5 scrolls of remove curse
 F - 2 scrolls of enchant armour {unknown}
 H - a scroll of brand weapon {unknown}
 K - 2 scrolls of fog {unknown}
 N - a scroll of torment {unknown}
 U - a scroll of blinking {unknown}
Potions
 d - a potion of might
 q - a potion of lignification
 r - 3 potions of flight
 v - a potion of magic
 z - a potion of brilliance
Comestibles
 e - 9 bread rations
 f - 14 meat rations
 j - 27 fruits
 p - 3 beef jerkies
 I - a slice of pizza
 O - a royal jelly
 Q - 3 chunks of flesh


   Skills:
 + Level 7.7(7.3) Fighting
 + Level 14.0(13.6) Axes
 - Level 3.2(2.9) Armour
 - Level 15.2(14.7) Shields


You had 11 spell levels left.
You didn't know any spells.

Dungeon Overview and Level Annotations

Branches:
Dungeon (12/15)            Temple (0/1) D:6            Lair (0/8) D:8
    Orc (0/4) D:12

Altars:
Ashenzari
Cheibriados
Okawaru
Qazlal
Ru
Xom

Shops:
D:6 }   D:8 (   D:11 :


Innate Abilities, Weirdness & Mutations

You are under a permanent stasis effect.
You can dig through walls and to a lower floor.
Your four strong arms can wield two-handed weapons with a shield.
((You have a pair of large antennae on your head (SInv).))


Message History

* * * LOW HITPOINT WARNING * * *
You block the eight-headed hydra's attack. x3
The eight-headed hydra bites you.
* * * LOW HITPOINT WARNING * * *
The eight-headed hydra bites you but does no damage.
Use which ability?
You fail to use your ability.
You block the eight-headed hydra's attack.
The eight-headed hydra bites you but does no damage.
You block the eight-headed hydra's attack. x3
The eight-headed hydra bites you.
* * * LOW HITPOINT WARNING * * *
The eight-headed hydra completely misses you.
You block the eight-headed hydra's attack.
Use which ability?
You fail to use your ability.
The eight-headed hydra bites you but does no damage.
You block the eight-headed hydra's attack.
The eight-headed hydra bites you!
You die...

.......... # {
........# #
>........ #
#!z...#.# #
#.#.......# #
#.##.#.### #
#.....zzz# #
####.#.#D# #
#.#.#♣#####.## #
#.#........... #
#...........# # #.
#####.####### #.
############.# #.
#......[<....#
#.###.############
...##.#
...##.###### ####


You could see an eight-headed hydra and 2 wights.

Vanquished Creatures
  Kirke (D:12)
  Nessos (D:12)
  Fannar (D:12)
  Erica (D:9)
  Sonja (D:11)
  The ghost of Sychopol the Cleaver, an experienced MiFi of Makhleb (D:9)
  An unseen horror (D:11)
  2 hill giants (D:10)
  Pikel (D:6)
  4 centaur zombies
  Maurice (D:8)
  Joseph (D:8)
  A gargoyle (D:10)
  A centaur skeleton (D:11)
  The ghost of Rationalist the Shield-Bearer, an experienced FoFi (D:6)
  A troll (D:12)
  A trapdoor spider zombie (D:8)
  A trapdoor spider (D:10)
  Sigmund (D:3)
  2 shadows
  3 hogs (D:12)
  A human (D:12)
  10 yaks
  A hungry ghost (D:12)
  A soldier ant (D:10)
  Menkaure (D:7)
  A porcupine (D:8)
  Duvessa (D:6)
  5 orc warriors
  A wasp (D:11)
  An eye of draining (D:12)
  An ice beast (D:9)
  8 ogres
  4 sky beasts
  3 slaves (D:6)
  2 phantoms
  11 centaurs
  A crocodile (D:8)
  3 giant frogs
  2 big kobolds
  A gnoll sergeant (D:11)
  Dowan (D:6)
  A wyvern skeleton (D:9)
  3 scorpions
  10 killer bees
  7 hounds
  5 crimson imps
  2 giant frog zombies
  2 jellies
  2 orc priests (D:7)
  Ijyb (D:2)
  A giant frog skeleton (D:5)
  Jessica (D:2)
  9 orc wizards
  4 iguanas
  Natasha (thrice) (D:2)
  12 worker ants
  A killer bee zombie (D:8)
  10 gnolls
  11 adders
  3 shadow imps
  An ooze (D:2)
  2 worms
  2 adder skeletons
  9 giant geckos
  44 orcs
  6 bats
  7 giant cockroaches
  6 goblins
  10 hobgoblins
  16 jackals
  5 quokkas
  A ball python (D:2)
  A giant gecko skeleton (D:4)
  A giant gecko zombie (D:8)
  2 giant newts
  13 kobolds
  2 quokka skeletons
  A quokka zombie (D:8)
  3 rats
308 creatures vanquished.

Vanquished Creatures (collateral kills)
  A hydra (D:11)
1 creature vanquished.

Vanquished Creatures (others)
  A slave (D:6)
1 creature vanquished.

Grand Total: 310 creatures vanquished

Notes
Turn   | Place    | Note
--------------------------------------------------------------
     0 | D:1      | Eptagon the Formicid Fighter began the quest for the Orb.
     0 | D:1      | Reached XP level 1. HP: 18/18 MP: 1/1
   124 | D:1      | Reached XP level 2. HP: 21/24 MP: 2/2
   146 | D:1      | Reached skill level 4 in Shields
   710 | D:1      | Reached XP level 3. HP: 29/29 MP: 3/3
   817 | D:2      | Noticed Ijyb
   846 | D:2      | Killed Ijyb
   846 | D:2      | Reached XP level 4. HP: 18/35 MP: 2/4
  1068 | D:2      | Noticed Natasha
  1085 | D:2      | Killed Natasha
  1085 | D:2      | Reached skill level 5 in Shields
  1302 | D:2      | Noticed Natasha
  1310 | D:2      | Killed Natasha
  1310 | D:2      | Reached XP level 5. HP: 28/41 MP: 3/5
  1482 | D:2      | Noticed Natasha
  1486 | D:2      | Killed Natasha
  1514 | D:2      | Noticed Jessica
  1524 | D:2      | Killed Jessica
  1830 | D:3      | Found a shimmering altar of Xom.
  2149 | D:3      | Found a faded altar to an unknown god.
  2157 | D:3      | Became a worshipper of Cheibriados the Contemplative
  2157 | D:3      | Acquired Cheibriados's first power
  2342 | D:3      | Noticed Sigmund
  2353 | D:3      | Killed Sigmund
  2353 | D:3      | Reached skill level 5 in Axes
  2353 | D:3      | Reached skill level 6 in Shields
  2353 | D:3      | Reached XP level 6. HP: 47/47 MP: 6/6
  2547 | D:4      | Reached XP level 7. HP: 52/52 MP: 7/7
  2766 | D:4      | Found a stormy altar of Qazlal.
  2946 | D:4      | Got a steaming scale mail
  2957 | D:4      | Identified the +2 scale mail of Gunaukisah {Dex+3 SInv} (You found it on level 4 of the Dungeon)
  3099 | D:4      | Reached skill level 7 in Shields
  3154 | D:5      | Entered Level 5 of the Dungeon
  3612 | D:5      | Reached XP level 8. HP: 49/58 MP: 8/8
  3986 | D:6      | Reached skill level 8 in Shields
  4120 | D:6      | Identified a +2 pair of boots of running (You found it on level 6 of the Dungeon)
  4139 | D:6      | Noticed Duvessa
  4141 | D:6      | Noticed Dowan
  4165 | D:6      | Killed Duvessa
  4166 | D:6      | Killed Dowan
  4166 | D:6      | Reached skill level 9 in Shields
  4312 | D:6      | Noticed Rationalist's ghost (experienced FoFi)
  4333 | D:6      | Killed Rationalist's ghost
  4333 | D:6      | Reached XP level 9. HP: 12/64 MP: 9/9
  4462 | D:6      | Acquired Cheibriados's second power
  4580 | D:6      | Found Bitijul's Gadget Shop.
  4593 | D:6      | Reached skill level 10 in Shields
  4820 | D:6      | Noticed Pikel
  4839 | D:6      | Killed Pikel
  4839 | D:6      | Reached skill level 11 in Shields
  5032 | D:6      | Found a staircase to the Ecumenical Temple.
  5119 | D:7      | Found an iron altar of Okawaru.
  5138 | D:7      | Reached XP level 10. HP: 64/70 MP: 10/10
  5686 | D:7      | Noticed Menkaure
  5690 | D:7      | Killed Menkaure
  5958 | D:8      | Acquired Cheibriados's third power
  5959 | D:8      | Reached skill level 10 in Axes
  5959 | D:8      | Reached skill level 12 in Shields
  5985 | D:8      | Found Gykhuj's Antique Weapon Shop.
  5999 | D:8      | Bought a glowing war axe for 115 gold pieces
  6052 | D:8      | Noticed Joseph
  6080 | D:8      | Killed Joseph
  6092 | D:8      | Noticed Maurice
  6112 | D:8      | Killed Maurice
  6204 | D:8      | Found a staircase to the Lair.
  6231 | D:8      | Reached skill level 13 in Shields
  6241 | D:8      | Reached XP level 11. HP: 65/75 MP: 11/11
  6319 | D:8      | Acquired Cheibriados's fourth power
  6696 | D:9      | Found a sacrificial altar of Ru.
  7000 | D:9      | Noticed Erica
  7016 | D:9      | Killed Erica
  7139 | D:9      | Reached skill level 14 in Shields
  7240 | D:9      | Noticed Sychopol's ghost (experienced MiFi)
  7262 | D:9      | Killed Sychopol's ghost
  7433 | D:10     | Entered Level 10 of the Dungeon
  7654 | D:10     | Noticed a hill giant
  7662 | D:10     | Killed a hill giant
  7954 | D:10     | Noticed a hill giant
  7962 | D:10     | Killed a hill giant
  7994 | D:11     | Found Tomn's Book Shop.
  8036 | D:11     | Noticed Sonja
  8036 | D:11     | Reached XP level 12. HP: 70/81 MP: 12/12
  8214 | D:11     | Reached skill level 15 in Shields
  8255 | D:11     | Noticed an unseen horror
  8263 | D:11     | Killed an unseen horror
  8277 | D:11     | Killed Sonja
  8426 | D:11     | Found a shattered altar of Ashenzari.
  8608 | D:11     | Noticed a seven-headed hydra
  8627 | D:11     | Killed a 16-headed hydra
  8801 | D:11     | Reached skill level 5 in Fighting
  9010 | D:12     | Noticed Nessos
  9038 | D:12     | Killed Nessos
  9090 | D:12     | Noticed Fannar
  9147 | D:12     | Killed Fannar
  9166 | D:12     | Found a staircase to the Orcish Mines.
  9324 | D:12     | Noticed Kirke
  9342 | D:12     | Killed Kirke
  9385 | D:12     | Noticed a six-headed hydra
  9401 | D:12     | HP: 6/138 [eight-headed hydra (3)]
  9404 | D:12     | HP: 1/138 [eight-headed hydra (3)]
  9405 | D:12     | Mangled by an eight-headed hydra

Vault maps used:
D:1:      dpeg_arrival_simpleton_c
D:2:      wad_lake_hut, roderic_cross_of_infinity, grunt_decor_fettered,
          uniq_iyjb, uniq_natasha, uniq_jessica
D:3:      xom_teletrap_fun, ecumenical_altar_1, uniq_sigmund
D:4:      first_bread, minivault_27, grunt_qazlal_clouds
D:6:      minmay_temple_entry_fiery, serial_shops, shop_statue, uniq_pikel,
          uniq_duvessa
D:7:      basic_altar, uniq_menkaure
D:8:      minmay_lair_entry_grove, serial_shops, shop, blue_anna_alchemist,
          minmay_misc_feat_cross, uniq_maurice, uniq_joseph
D:9:      hangedman_ru_absence, uniq_erica
D:11:     serial_shops, shop, basic_altar, uniq_sonja
D:12:     orc_0_dummy, serial_shops, shop, uniq_fannar, uniq_nessos, uniq_kirke

Action                   |  1- 3 |  4- 6 |  7- 9 | 10-12 || total
-------------------------+-------+-------+-------+-------++-------
Melee: War axe           |   108 |   157 |   346 |   709 ||  1320
 Abil: Dig               |       |     3 |     1 |     7 ||    11
Evoke: Wand              |       |     4 |     2 |     8 ||    14
       Phantom mirror    |       |       |       |     1 ||     1
  Use: Scroll            |       |     7 |     1 |     4 ||    12
       Potion            |       |       |     1 |     8 ||     9
 Stab: Confused          |       |     1 |     1 |     7 ||     9
       Distracted        |       |       |     1 |     1 ||     2
  Eat: Chunk             |       |     5 |     6 |    11 ||    22
       Pizza             |       |       |       |     2 ||     2
       Royal jelly       |       |       |       |     1 ||     1
